 Dungeon Crawl Stone Soup version 0.31-a0-1074-g0b22e4e0f1 (webtiles) character file.

Game seed: 9075511894819176630

1391 Jeffwins the Grappler (level 8, -1/70 HPs)
             Began as a Troll Shapeshifter on Nov 29, 2023.
             Was a Priest of Okawaru.
             Slain by an orc warrior
             ... wielding a +0 short sword
              (5 damage)
             ... on level 5 of the Dungeon.
             The game lasted 00:06:33 (3494 turns).

Jeffwins the Grappler (Troll Shapeshifter)          Turns: 3494, Time: 00:06:34

Health: -1/70      AC:  4    Str: 23    XL:     8   Next: 40%
Magic:  9/9        EV:  9    Int:  8    God:    Okawaru [***...]
Gold:   406        SH:  0    Dex:  9    Spells: 7/7 levels left

rFire   . .          .
                       - Unarmed
rCold   . . .        (no shield)
rNeg    . . .        a - +0 animal skin
rPois   .            (helmet currently unavailable)
rElec   .            (cloak currently unavailable)
rCorr   .            (gloves unavailable)
SInv    .            (boots unavailable)
Will    .....        (no amulet)
Stlth   +            (no ring)
HPRegen 1.11/turn    (no ring)
MPRegen 0.11/turn

%: no passive effects
@: beast-form
A: beast (slay +3), large, unfitting armour, claws 3, regeneration 1, shaggy fur
1, tough skin 1
a: Begin Untransformation, Renounce Religion, Heroism


You were on level 5 of the Dungeon.
You worshipped Okawaru.
Okawaru was most pleased with you.
You were a hulking beast.
You visited 1 branch of the dungeon, and saw 5 of its levels.

You collected 406 gold pieces.


Innate Abilities, Weirdness & Mutations

You are a hulking beast.
Your limbs bulge with bestial killing power. (Slay +3)
You are too large for most types of armour.
You have claws for hands.
Your natural rate of healing is unusually fast.
You are covered in fur. (AC +1)
You have tough skin. (AC +1)


   Skills:
 - Level 1.0 Fighting
 - Level 1.5 Dodging
 * Level 8.2 Unarmed Combat
 + Level 3.9 Invocations
 + Level 5.7 Shapeshifting


You had 7 spell levels left.
You didn't know any spells.
Your spell library contained the following spells:

 Spells                   Type           Power      Damage    Failure   Level
 Magic Dart               Conj           0%         1d3       41%         1
 Mephitic Cloud           Conj/Pois/Air  0%         N/A       78%         3
 Call Imp                 Summ           Unusable   N/A       N/A         2

Inventory:

Hand Weapons
 m - a +2 dagger of venom
Missiles
 j - 6 poisoned darts (quivered)
Armour
 a - a +0 animal skin (worn)
Talismans
 c - a beast talisman
 d - a flux talisman
Scrolls
 e - 4 scrolls of identify {unknown}
 h - 2 scrolls of revelation {unknown}
 i - 2 scrolls of teleportation {unknown}
 l - 2 scrolls of vulnerability {unknown}
Potions
 b - 4 potions of lignification {!q}
 f - 3 potions of heal wounds {unknown}
 g - 2 potions of haste {unknown}
 k - 2 potions of curing {unknown}
 n - a potion of attraction {unknown}
 o - a potion of berserk rage {unknown}
 p - a potion of might {unknown}
 s - 2 potions of resistance {unknown}
 t - a potion of brilliance {unknown}
 u - a potion of degeneration {unknown}

Dungeon Overview and Level Annotations

Branches:
Dungeon (5/15)
 Temple: D:4-7

Altars:
Cheibriados
Hepliaklqana
Makhleb
Okawaru
Qazlal
Sif Muna
Trog

...#
##.##.......##
...#####
#.##.......###
.......#
#..#..........
.......#
##............
.......#
###>.........
.......#
##.........
.......#
#.........
.......#
#..O......
.......#
#.hS......
.......#
#.oo......
.......#
#.........
.......#
#......?..
########
#.........
#.........
#.........
#.........


You could see an orc warrior (inner flame), an ogre (inner flame), an adder
(inner flame) and an orc (inner flame).


Message History

You are too injured to fight recklessly!
You are too injured to fight recklessly!
You are too injured to fight recklessly!
You are too injured to fight recklessly!
You are too injured to fight recklessly!
You are too injured to fight recklessly!
You are too injured to fight recklessly!
You are too injured to fight recklessly!
You are too injured to fight recklessly!
You are too injured to fight recklessly!
You are too injured to fight recklessly!
Unknown command.
Okay, then.
Okay, then.
Okay, then.
As you read the scroll labelled NOEWYG CIEGOY, it crumbles to dust.
The creatures around you are filled with an inner flame!
It was a scroll of immolation.
The adder bites you but does no damage. The orc hits you with a +0 club.
* * * LOW HITPOINT WARNING * * *
The orc warrior hits you with a +0 short sword.
* * * LOW HITPOINT WARNING * * *
The ogre hits you with a +0 giant spiked club!
* * * LOW HITPOINT WARNING * * *
As you read the scroll labelled SARECK TAPNA, it crumbles to dust.
It is a scroll of enchant weapon.
Okay, then.
The adder bites you but does no damage.
The orc warrior hits you with a +0 short sword.
You die...

Skill      XL: |  1  2  3  4  5  6  7  8 |
---------------+-------------------------+-----
Fighting       | 1 |  1.0
Unarmed Combat | 4 5 6 7 8 |  8.2
Shapeshifting  | 4 5 |  5.7
Invocations    | 1 2 3 |  3.9
Dodging        | |  1.5

Action                     |  1- 3 |  4- 6 |  7- 9 || total
---------------------------+-------+-------+-------++-------
  Melee: Unarmed           |    74 |   107 |    79 ||   260
         Punch             |       |     1 |     4 ||     5
  Throw: Stone             |       |     7 |       ||     7
    Use: Scroll            |       |       |     2 ||     2
   Stab: Sleeping          |     1 |       |     1 ||     2
 Armour: Animal skin       |    37 |    81 |    65 ||   183
  Dodge: Dodged            |    30 |    30 |    31 ||    91

Levels and vault maps discovered:
D:1:      lordsloth_arrival_two_stooges, layout_basic
D:2:      layout_loops_ring, wander_ebering_terrifying_dragon_lair
D:3:      layout_loops_ring, okawaru_altar_gauntlet_db, lightli_temple_of_fire,
          uniq_terence, uniq_jessica, uniq_natasha
D:4:      layout_basic, mainiacjoe_overflow_small_starburst, demons_altar,
          mainiacjoe_overflow_catwalk, gammafunk_temple_overflow_elements,
          kennysheep_path_1, hangedman_abyss_or_decor_lesser_grid,
          chequers_garden, roderic_roman_lattice,
          corexii_item_surrounded_by_moat, serial_bayou_crossing
D:5:      layout_basic, uniq_pikel

Notes
Turn   | Place    | Note
-------+----------+-------------------------------------------
     0 | D:1      | Jeffwins the Troll Shapeshifter began the quest for the
                  | Orb.
     0 | D:1      | Reached XP level 1. HP: 18/18 MP: 0/0
    82 | D:1      | Reached skill level 1 in Fighting
   123 | D:1      | Reached XP level 2. HP: 27/27 MP: 1/1
   865 | D:2      | Reached XP level 3. HP: 33/33 MP: 2/2
  1246 | D:3      | Reached skill level 4 in Unarmed Combat
  1256 | D:3      | Reached XP level 4. HP: 39/41 MP: 3/3
  1311 | D:3      | Found an iron altar of Okawaru.
  1342 | D:3      | Became a worshipper of Warmaster Okawaru
  1384 | D:3      | Reached XP level 5. HP: 46/48 MP: 4/4
  1386 | D:3      | Noticed an ice beast
  1396 | D:3      | Reached skill level 5 in Unarmed Combat
  1396 | D:3      | Reached skill level 4 in Shapeshifting
  1415 | D:3      | Killed an ice beast
  1416 | D:3      | Reached skill level 1 in Invocations
  1421 | D:3      | Reached XP level 6. HP: 55/55 MP: 5/5
  1581 | D:3      | Found a bloodstained altar of Trog.
  1630 | D:3      | Noticed Terence
  1634 | D:3      | Killed Terence
  1654 | D:3      | Noticed Jessica
  1658 | D:3      | Killed Jessica
  1751 | D:3      | Reached * piety under Okawaru
  1821 | D:3      | Noticed Natasha
  1830 | D:3      | Killed Natasha
  1831 | D:3      | Reached skill level 6 in Unarmed Combat
  1999 | D:3      | Noticed Natasha
  2006 | D:3      | Killed Natasha
  2102 | D:4      | Found a hazy altar of Hepliaklqana.
  2124 | D:4      | Found a stormy altar of Qazlal.
  2144 | D:4      | Noticed a sky beast
  2158 | D:4      | Killed a sky beast
  2159 | D:4      | Reached skill level 2 in Invocations
  2159 | D:4      | Reached XP level 7. HP: 11/62 MP: 7/7
  2366 | D:4      | Found a snail-covered altar of Cheibriados.
  2366 | D:4      | Found a shimmering blue altar of Sif Muna.
  2567 | D:4      | Found a burning altar of Makhleb.
  2881 | D:5      | Entered Level 5 of the Dungeon
  2939 | D:5      | Noticed Pikel
  2967 | D:5      | Killed Pikel
  2967 | D:5      | Reached ** piety under Okawaru
  2968 | D:5      | Reached skill level 7 in Unarmed Combat
  2968 | D:5      | Reached skill level 3 in Invocations
  2968 | D:5      | Reached skill level 5 in Shapeshifting
  2968 | D:5      | Reached XP level 8. HP: 9/70 MP: 7/9
  3228 | D:5      | Reached *** piety under Okawaru
  3229 | D:5      | Reached skill level 8 in Unarmed Combat
  3493 | D:5      | HP: 3/70 [ogre/+0 giant spiked club (17)]
  3494 | D:5      | Slain by an orc warrior

Vanquished Creatures
  Pikel (D:5)
  A black bear (D:5)
  An ice beast (D:3)
  A sky beast (D:4)
  A lemure (D:5)
  2 scorpions (D:5)
  2 hounds
  3 iron imps (D:4)
  Jessica (D:3)
  Natasha (twice) (D:3)
  Terence (D:3)
  2 iguanas (D:5)
  2 orc wizards (D:3)
  6 gnolls (D:3)
  2 adders
  2 ufetubi (D:5)
  A worm (D:3)
  3 dart slugs
  17 orcs
  11 endoplasms
  4 giant cockroaches (D:1)
  6 goblins
  5 hobgoblins
  2 jackals (D:1)
  A quokka (D:1)
  2 ball pythons (D:4)
  4 bats
  5 frilled lizards
  7 kobolds
  3 rats
101 creatures vanquished.

Table legend: (Time is in decaauts)
 A = Elapsed time spent in this place.
 B = Non-inter-level travel time spent in this place.
 C = Inter-level travel time spent in this place.
 D = Time resting spent in this place.
 E = Time spent auto-exploring this place.
 F = Levels seen in this place.
 G = Mean time per level.
                   A        B        C        D        E       F      G
               +--------+--------+--------+--------+--------+-----+--------+
         Total |   3468 |   3389 |     79 |      2 |   2744 |   5 |  693.6 |
       Dungeon |   3468 |   3389 |     79 |      2 |   2744 |   5 |  693.6 |
               +--------+--------+--------+--------+--------+-----+--------+

Top non-repeatable levels by time:
     D:3: 858 daAuts
     D:4: 782 daAuts
     D:2: 628 daAuts
     D:5: 605 daAuts
     D:1: 593 daAuts

Table legend:
 A = Non-vault XP
 B = Vault XP
 C = Vault XP percentage of total XP
 D = Non-vault monster count
 E = Vault monster count
 F = Vault count percentage of total count
                 A         B        C        D         E       F
            +---------+---------+-------+---------+---------+-------
      Total |    1068 |     920 |  46.3 |      86 |      14 |  14.0
            +---------+---------+-------+---------+---------+-------
        D:1 |      40 |       0 |   0.0 |      25 |       0 |   0.0
        D:2 |      14 |       1 |   6.7 |       7 |       1 |  12.5
        D:3 |     403 |     147 |  26.7 |      31 |       9 |  22.5
        D:4 |     168 |     121 |  41.9 |      14 |       3 |  17.6
        D:5 |     443 |     651 |  59.5 |       9 |       1 |  10.0
            +---------+---------+-------+---------+---------+-------
